 Dungeon Sprint DCSS version 0.29.1-12-g30fa7ad0bf (webtiles) character file.

Game seed: 5415658106504300722

8700000 sanboga the Conqueror (level 27, -15/252 (273) HPs)
             Began as a Yellow Draconian Monk on Dec 22, 2022.
             Was the Champion of Makhleb.
             Killed from afar by a wretched soul (56 damage)
             ... with a bolt of negative energy
             ... in the Dungeon (Sprint VIII: "Arena of Blood").
             The game lasted 00:03:02 (87 turns).

sanboga the Conqueror (Yellow Draconian Monk)         Turns: 87, Time: 00:03:03

HP:   -15/252 (273) AC: 13    Str: 15    XL:     27
MP:   20/54         EV: 38    Int: 12    God:    Makhleb [******]
Gold: 0             SH:  0    Dex: 25    Spells: 80/80 levels left

rFire   . . .      SeeInvis .   h - +∞ Axe of Woe
rCold   . . .      Faith    .   (shield currently unavailable)
rNeg    . . .      Spirit   .   (body armour unavailable)
rPois   .          Reflect  .   (helmet restricted)
rElec   .          Harm     .   (no cloak)
rCorr   +          Rampage  .   (no gloves)
Will    ++...      NoTele   +   (no boots)
Stlth   ++++++++++              (no amulet)
HPRegen 0.52/turn               (no ring)
MPRegen 0.34/turn               (no ring)

@: on berserk cooldown, slowed, drained, very slow
A: spit acid, AC +13, unfitting armour, acidic bite, cold-blooded, acid
resistance
a: Breathe Acid, Renounce Religion, Minor Destruction, Lesser Servant of
Makhleb, Major Destruction, Greater Servant of Makhleb


You were in the Dungeon.
You worshipped Makhleb.
Makhleb was exalted by your worship.
You visited 1 branch

Inventory:

Hand Weapons
 h - the +∞ Axe of Woe (weapon)
   (You found it in the Dungeon)
Scrolls
 g - a scroll of blinking
Potions
 a - a potion of ambrosia
 b - a potion of curing
 c - a potion of heal wounds
 d - a potion of haste
 e - 2 potions of magic


   Skills:
 O Level 27 Fighting
 O Level 27 Short Blades
 O Level 27 Long Blades
 O Level 27 Axes
 O Level 27 Maces & Flails
 O Level 27 Polearms
 O Level 27 Staves
 O Level 27 Ranged Weapons
 O Level 27 Throwing
 O Level 27 Dodging
 O Level 27 Stealth
 O Level 27 Shields
 O Level 27 Unarmed Combat
 O Level 27 Spellcasting
 O Level 27 Conjurations
 O Level 27 Hexes
 O Level 27 Summonings
 O Level 27 Necromancy
 O Level 27 Translocations
 O Level 27 Transmutations
 O Level 27 Fire Magic
 O Level 27 Ice Magic
 O Level 27 Air Magic
 O Level 27 Earth Magic
 O Level 27 Poison Magic
 O Level 27 Invocations
 O Level 27 Evocations


You had 80 spell levels left.
You didn't know any spells.
Your spell library was empty.

Dungeon Overview and Level Annotations

Branches:
Dungeon (1/1)

Altars:
Makhleb


Innate Abilities, Weirdness & Mutations

You can spit globs of acid.
Your golden yellow scales are hard. (AC +13)
You cannot fit into any form of body armour.
You have acidic saliva.
You are cold-blooded and may be slowed by cold attacks.
You are resistant to acid. (rCorr)


Message History

You feel better.
You are engulfed in blazing flames.
You hear a shout!
The large bag of meat is engulfed in blazing flames.
You hear a shout! x3
The Captor is engulfed in blazing flames.
The eight-headed meat hydra calls on the powers of darkness!
The eight-headed meat hydra convulses!
Your body is wracked with pain!
* * * LOW HITPOINT WARNING * * *
The bag of meat convulses!
The Captor convulses!
The bag of meat convulses! x2
You hear a shout!
The destroyer gestures at you while chanting.
The destroyer blinks!
You hear a shout!
You slash the large bag of meat!
You fatally mangle the large bag of meat.
Makhleb accepts your kill.
You feel better.
You slash the bag of meat!
You pulverise the bag of meat into a thin bloody mist.
You kill the bag of meat!
Makhleb accepts your kill.
You slash The Captor!
You butcher The Captor messily.
You kill The Captor!
Makhleb accepts your kill.
You feel better.
The large bag of meat explodes!
The fiery explosion engulfs you!
You are engulfed in blazing flames.
* * * LOW HITPOINT WARNING * * *
You hear a shout!
You hear a chilling moan. x2; You hear a shout! x2
A meat beast comes into view.
A bag of meat comes into view. It is wielding a +9 war axe.
A meat beast comes into view.
You hear a shout! x2
The eight-headed meat hydra calls on the powers of darkness!
The eight-headed meat hydra convulses!
Your body is wracked with pain!
* * * LOW HITPOINT WARNING * * *
The bag of meat convulses! x2
A bolt of negative energy appears from out of thin air!
Deactivating autopickup; reactivate with Ctrl-A.
The bolt of negative energy hits you!!!
You feel drained.
You die...

..)#.... #.... ..#
V#.o...2###.......###...
.............###........
....o#........_.........
...#.......#.....#......
#.....V.))O#_.<._#......
...#.o°)§))#.....#......
.....#§°§))).._)).......
.....o§@☼))))###))......
....{.))###)).))).###...
...§...). #°))))))#
.2........#)X.....#
.#.....D..2°L○.......
#.#.#.................
.#.#.................#
.#.#..............##..
.§..#........#. ..


You could see 3 meat beasts, an eight-headed meat hydra, a destroyer, a meat
berserker (berserk) and 4 bags of meat.

Vanquished Creatures
  Sigmund (D)
  4 hell beasts (D)
  2 royal mummies (D)
  3 wraiths (D)
  9 vampire knights (D)
  41 ogres (D)
  11 two-headed ogres (D)
  8 liches (D)
  A hydra (D)
  A phantom (D)
  85 orcs (D)
  11 skeletal warriors (D)
177 creatures vanquished.

Vanquished Creatures (others)
  2 two-headed ogres (D)
  An orc (D)
3 creatures vanquished.

Grand Total: 180 creatures vanquished

Notes
Turn   | Place    | Note
-------+----------+-------------------------------------------
     0 | D        | Found the +∞ Axe of Woe
     0 | D        | sanboga the Draconian Monk began the quest for the Orb.
     0 | D        | Reached XP level 1. HP: 19/19 MP: 1/1
     0 | D        | Noticed a bag of meat
     2 | D        | Noticed a bag of meat
     2 | D        | Noticed a bag of meat
     4 | D        | Became a worshipper of Makhleb the Destroyer
     4 | D        | Reached * piety under Makhleb
     4 | D        | Reached ** piety under Makhleb
     4 | D        | Noticed a bag of meat
     5 | D        | Noticed a meat berserker
     7 | D        | Killed a bag of meat
     7 | D        | Noticed a bag of meat
     7 | D        | Noticed a bag of meat
     7 | D        | Noticed a meat berserker
     8 | D        | Reached skill level 5 in Fire Magic
     8 | D        | Reached skill level 5 in Invocations
     8 | D        | Reached XP level 2. HP: 35/35 MP: 1/6
     8 | D        | Reached XP level 3. HP: 40/40 MP: 1/8
     8 | D        | Reached XP level 4. HP: 48/48 MP: 1/9
     8 | D        | Reached XP level 5. HP: 53/53 MP: 1/10
     8 | D        | Reached XP level 6. HP: 61/61 MP: 1/11
     8 | D        | Your scales start taking on a golden yellow colour.
     8 | D        | Reached XP level 7. HP: 68/68 MP: 1/12
     8 | D        | Gained mutation: You are resistant to acid. (rCorr) [Yellow
                  | Draconian growth]
     8 | D        | Reached XP level 8. HP: 74/74 MP: 1/13
     8 | D        | Reached XP level 9. HP: 81/81 MP: 1/14
     8 | D        | Reached XP level 10. HP: 88/88 MP: 1/15
     8 | D        | Noticed a meat berserker
     8 | D        | Noticed a meat berserker
     8 | D        | Killed a meat berserker
     8 | D        | Noticed a meat berserker
     8 | D        | Noticed a bag of meat
     8 | D        | Noticed a bag of meat
     8 | D        | Noticed a meat berserker
     9 | D        | Reached skill level 10 in Fighting
     9 | D        | Reached skill level 5 in Short Blades
     9 | D        | Reached skill level 5 in Long Blades
     9 | D        | Reached skill level 5 in Axes
     9 | D        | Reached skill level 5 in Maces & Flails
     9 | D        | Reached skill level 5 in Polearms
     9 | D        | Reached skill level 5 in Ranged Weapons
     9 | D        | Reached skill level 5 in Throwing
     9 | D        | Reached skill level 5 in Spellcasting
     9 | D        | Reached skill level 5 in Conjurations
     9 | D        | Reached skill level 5 in Hexes
     9 | D        | Reached skill level 5 in Summonings
     9 | D        | Reached skill level 5 in Necromancy
     9 | D        | Reached skill level 5 in Transmutations
     9 | D        | Reached skill level 5 in Ice Magic
     9 | D        | Reached skill level 5 in Air Magic
     9 | D        | Reached skill level 5 in Earth Magic
     9 | D        | Reached skill level 5 in Evocations
     9 | D        | Reached XP level 11. HP: 65/99 MP: 1/18
     9 | D        | Reached XP level 12. HP: 70/106 MP: 1/19
     9 | D        | Killed a bag of meat
     9 | D        | Noticed a bag of meat
    10 | D        | Reached XP level 13. HP: 76/114 MP: 1/21
    10 | D        | Noticed a meat berserker
    10 | D        | Killed a meat berserker
    10 | D        | Reached *** piety under Makhleb
    10 | D        | Killed a meat berserker
    10 | D        | Killed a meat berserker
    10 | D        | Noticed a bag of meat
    10 | D        | Noticed a bag of meat
    10 | D        | Noticed a bag of meat
    11 | D        | Reached skill level 10 in Dodging
    11 | D        | Gained mutation: You have acidic saliva. [Yellow Draconian
                  | growth]
    11 | D        | Reached XP level 14. HP: 74/127 MP: 1/25
    11 | D        | Noticed a bag of meat
    11 | D        | Killed a meat berserker
    11 | D        | Reached **** piety under Makhleb
    11 | D        | Killed a meat berserker
    11 | D        | Killed a bag of meat
    11 | D        | Noticed a bag of meat
    11 | D        | Noticed a bag of meat
    12 | D        | Reached skill level 10 in Invocations
    12 | D        | Reached XP level 15. HP: 139/139 MP: 1/27
    12 | D        | Reached ***** piety under Makhleb
    13 | D        | Reached skill level 10 in Fire Magic
    13 | D        | Reached XP level 16. HP: 147/147 MP: 2/28
    13 | D        | Noticed a meat berserker
    13 | D        | Noticed a large bag of meat
    13 | D        | Noticed a meat berserker
    14 | D        | Killed a meat berserker
    14 | D        | Noticed a meat berserker
    15 | D        | Reached skill level 15 in Fighting
    15 | D        | Reached skill level 10 in Short Blades
    15 | D        | Reached skill level 10 in Long Blades
    15 | D        | Reached skill level 10 in Axes
    15 | D        | Reached skill level 10 in Maces & Flails
    15 | D        | Reached skill level 10 in Polearms
    15 | D        | Reached skill level 10 in Staves
    15 | D        | Reached skill level 10 in Shields
    15 | D        | Reached skill level 10 in Conjurations
    15 | D        | Reached skill level 10 in Summonings
    15 | D        | Reached skill level 10 in Necromancy
    15 | D        | Reached skill level 10 in Translocations
    15 | D        | Reached skill level 10 in Transmutations
    15 | D        | Reached skill level 10 in Ice Magic
    15 | D        | Reached skill level 10 in Air Magic
    15 | D        | Reached skill level 10 in Earth Magic
    15 | D        | Reached skill level 10 in Poison Magic
    15 | D        | Reached skill level 10 in Evocations
    15 | D        | Killed a meat berserker
    16 | D        | Reached skill level 15 in Stealth
    16 | D        | Reached skill level 15 in Unarmed Combat
    16 | D        | Reached skill level 10 in Hexes
    16 | D        | Reached XP level 17. HP: 123/159 MP: 2/30
    16 | D        | Reached ****** piety under Makhleb
    16 | D        | Noticed a meat berserker
    17 | D        | Reached skill level 10 in Ranged Weapons
    17 | D        | Reached skill level 10 in Throwing
    17 | D        | Reached skill level 10 in Spellcasting
    17 | D        | Killed a meat berserker
    17 | D        | Killed a large bag of meat
    18 | D        | Reached XP level 18. HP: 147/176 MP: 3/33
    19 | D        | Killed a meat berserker
    20 | D        | Reached skill level 15 in Invocations
    20 | D        | Reached XP level 19. HP: 172/187 MP: 3/35
    20 | D        | Noticed a large bag of meat
    20 | D        | Noticed a large bag of meat
    21 | D        | Noticed a large bag of meat
    21 | D        | Noticed a meat berserker
    21 | D        | Noticed a meat berserker
    23 | D        | Noticed a destroyer
    23 | D        | Killed a meat berserker
    23 | D        | Killed a large bag of meat
    24 | D        | Reached XP level 20. HP: 163/199 MP: 4/37
    25 | D        | Killed a meat berserker
    26 | D        | Reached skill level 15 in Short Blades
    26 | D        | Reached skill level 15 in Long Blades
    26 | D        | Reached skill level 15 in Maces & Flails
    26 | D        | Reached skill level 15 in Polearms
    26 | D        | Reached skill level 15 in Staves
    26 | D        | Reached skill level 15 in Shields
    26 | D        | Reached skill level 15 in Conjurations
    26 | D        | Reached skill level 15 in Summonings
    26 | D        | Reached skill level 15 in Necromancy
    26 | D        | Reached skill level 15 in Translocations
    26 | D        | Reached skill level 15 in Fire Magic
    26 | D        | Reached skill level 15 in Ice Magic
    26 | D        | Reached skill level 15 in Air Magic
    26 | D        | Reached skill level 15 in Earth Magic
    26 | D        | Reached skill level 15 in Poison Magic
    26 | D        | Killed a meat berserker
    27 | D        | Reached skill level 15 in Axes
    27 | D        | Reached skill level 15 in Transmutations
    27 | D        | Reached skill level 15 in Evocations
    27 | D        | Noticed a destroyer
    29 | D        | Killed a destroyer
    29 | D        | Noticed a large bag of meat
    29 | D        | Noticed a meat berserker
    30 | D        | Killed a large bag of meat
    31 | D        | Reached XP level 21. HP: 183/212 MP: 6/39
    33 | D        | Noticed a destroyer
    33 | D        | Noticed a destroyer
    34 | D        | Noticed a destroyer
    35 | D        | Killed a destroyer
    35 | D        | Killed a large bag of meat
    36 | D        | Reached skill level 15 in Ranged Weapons
    36 | D        | Reached skill level 15 in Throwing
    36 | D        | Reached skill level 15 in Spellcasting
    36 | D        | Reached skill level 15 in Hexes
    37 | D        | Killed a destroyer
    38 | D        | Killed a destroyer
    39 | D        | Reached XP level 22. HP: 228/228 MP: 8/42
    40 | D        | Killed a large bag of meat
    41 | D        | Killed a destroyer
    44 | D        | Reached XP level 23. HP: 87/239 MP: 9/43
    44 | D        | Noticed an accursed
    46 | D        | Noticed a tyrant
    48 | D        | Killed a large bag of meat
    49 | D        | Killed a large bag of meat
    50 | D        | Noticed a large bag of meat
    50 | D        | Noticed a tyrant
    50 | D        | HP: 9/239 [bag of meat/+9 war axe (17)]
    50 | D        | Noticed a tyrant
    52 | D        | Reached skill level 27 in Fighting
    52 | D        | Noticed a tyrant
    54 | D        | Killed an accursed
    54 | D        | Killed a tyrant
    56 | D        | Killed a large bag of meat
    56 | D        | Noticed a destroyer
    57 | D        | Noticed a large bag of meat
    59 | D        | Reached XP level 24. HP: 249/249 MP: 12/45
    60 | D        | Reached skill level 27 in Stealth
    60 | D        | Reached skill level 27 in Unarmed Combat
    60 | D        | Noticed a tyrant
    60 | D        | Noticed a large bag of meat
    61 | D        | Noticed a large bag of meat
    61 | D        | Noticed a dread
    62 | D        | Noticed a dread
    62 | D        | Noticed a destroyer
    63 | D        | Noticed an accursed
    64 | D        | Noticed a tyrant
    64 | D        | Noticed a destroyer
    65 | D        | Killed a tyrant
    66 | D        | Noticed a meat beast
    67 | D        | Killed a dread
    67 | D        | Noticed a dread
    68 | D        | Reached XP level 25. HP: 204/257 MP: 14/46
    68 | D        | Killed a tyrant
    69 | D        | Killed a destroyer
    69 | D        | Killed a large bag of meat
    69 | D        | Noticed a destroyer
    69 | D        | Noticed a large bag of meat
    70 | D        | Reached skill level 27 in Dodging
    70 | D        | Killed a meat beast
    70 | D        | Killed a dread
    70 | D        | Noticed a tyrant
    71 | D        | Reached XP level 26. HP: 205/266 MP: 15/48
    71 | D        | Noticed a large bag of meat
    71 | D        | Killed a destroyer
    72 | D        | Killed a tyrant
    72 | D        | Noticed a meat beast
    73 | D        | Reached XP level 27. HP: 112/273 MP: 15/49
    73 | D        | Killed a large bag of meat
    73 | D        | Killed a destroyer
    73 | D        | Noticed a meat beast
    74 | D        | Noticed a destroyer
    74 | D        | Killed a destroyer
    74 | D        | Killed a large bag of meat
    75 | D        | Killed an accursed
    75 | D        | Killed a tyrant
    75 | D        | Noticed a tyrant
    76 | D        | Reached skill level 27 in Invocations
    76 | D        | Killed a tyrant
    76 | D        | Killed a dread
    77 | D        | Killed a meat beast
    78 | D        | Killed a meat beast
    78 | D        | Noticed a meat beast
    79 | D        | Reached skill level 27 in Short Blades
    79 | D        | Reached skill level 27 in Long Blades
    79 | D        | Reached skill level 27 in Axes
    79 | D        | Reached skill level 27 in Maces & Flails
    79 | D        | Reached skill level 27 in Polearms
    79 | D        | Reached skill level 27 in Staves
    79 | D        | Reached skill level 27 in Shields
    79 | D        | Reached skill level 27 in Conjurations
    79 | D        | Reached skill level 27 in Summonings
    79 | D        | Reached skill level 27 in Necromancy
    79 | D        | Reached skill level 27 in Translocations
    79 | D        | Reached skill level 27 in Transmutations
    79 | D        | Reached skill level 27 in Fire Magic
    79 | D        | Reached skill level 27 in Ice Magic
    79 | D        | Reached skill level 27 in Air Magic
    79 | D        | Reached skill level 27 in Earth Magic
    79 | D        | Reached skill level 27 in Poison Magic
    79 | D        | Reached skill level 27 in Evocations
    80 | D        | Killed a tyrant
    80 | D        | Killed a tyrant
    80 | D        | Noticed The Captor
    81 | D        | Reached skill level 27 in Ranged Weapons
    81 | D        | Reached skill level 27 in Throwing
    81 | D        | Reached skill level 27 in Spellcasting
    81 | D        | Reached skill level 27 in Hexes
    81 | D        | Killed a large bag of meat
    81 | D        | Killed a meat beast
    85 | D        | Noticed a meat beast
    87 | D        | Killed a large bag of meat
    87 | D        | Killed The Captor
    87 | D        | Noticed a meat beast
    87 | D        | Noticed a meat beast
    87 | D        | Killed from afar by a wretched soul

Illustrated notes

Levels and vault maps discovered:
D:        meatsprint

Skill      XL: |  1  2  3  4  5  6  7  8  9 10 11 12 13 14 15 16 17 18 19 20 21 22 23 24 25 26 27 |
---------------+----------------------------------------------------------------------------------+-----
Fighting       | 8 10 12 14 16 19 20 21 23 25 26 27 | 27.0
Short Blades   | 4 5 6 8 9 10 12 13 14 15 17 18 19 21 23 24 27 | 27.0
Long Blades    | 4 5 6 8 9 10 12 13 14 15 17 18 19 21 23 24 27 | 27.0
Axes           | 4 5 6 8 9 10 12 13 14 15 17 18 19 21 23 24 27 | 27.0
Maces & Flails | 4 5 6 8 9 10 12 13 14 15 17 18 19 21 23 24 27 | 27.0
Polearms       | 4 5 6 8 9 10 12 13 14 16 17 18 19 21 23 24 27 | 27.0
Staves         | 4 6 8 9 10 12 13 14 15 17 18 19 21 23 24 27 | 27.0
Ranged Weapons | 4 5 7 8 9 11 12 13 14 16 18 19 21 22 27 | 27.0
Throwing       | 4 5 7 8 9 11 12 13 14 16 18 19 21 22 27 | 27.0
Dodging        | 6 8 10 12 14 16 17 18 20 22 23 24 26 27 | 27.0
Stealth        | 6 8 9 11 13 15 17 18 20 21 23 24 26 27 | 27.0
Shields        | 4 6 8 9 10 12 13 14 15 17 18 19 21 23 24 27 | 27.0
Unarmed Combat | 7 9 12 13 15 17 18 20 21 23 24 26 27 | 27.0
Spellcasting   | 3 5 7 8 9 11 12 13 14 16 18 19 21 22 27 | 27.0
Conjurations   | 4 5 6 8 9 10 12 13 14 15 17 18 19 21 23 24 27 | 27.0
Hexes          | 4 5 7 8 10 11 12 13 14 16 18 19 21 22 27 | 27.0
Summonings     | 4 5 6 8 9 10 12 13 14 15 17 18 19 21 23 24 27 | 27.0
Necromancy     | 4 5 6 8 9 10 12 13 14 15 17 18 19 21 23 24 27 | 27.0
Translocations | 4 6 8 9 10 12 13 14 16 17 18 19 21 23 24 27 | 27.0
Transmutations | 4 5 6 8 9 10 12 13 14 15 17 18 19 21 23 24 27 | 27.0
Fire Magic     | 5 6 8 9 10 11 12 13 14 16 17 18 19 21 23 24 27 | 27.0
Ice Magic      | 4 5 6 8 9 10 12 13 14 15 17 18 19 21 23 24 27 | 27.0
Air Magic      | 4 5 6 8 9 10 12 13 14 15 17 18 19 21 23 24 27 | 27.0
Earth Magic    | 4 5 6 8 9 10 12 13 14 15 17 18 19 21 23 24 27 | 27.0
Poison Magic   | 4 6 8 9 10 12 13 14 15 17 18 19 21 23 24 27 | 27.0
Invocations    | 5 7 9 10 12 14 15 16 17 19 20 21 23 25 26 27 | 27.0
Evocations     | 4 5 6 8 9 10 12 13 14 15 17 18 19 21 23 24 27 | 27.0

Action                   |  1- 3 |  4- 6 |  7- 9 | 10-12 | 13-15 | 16-18 | 19-21 | 22-24 | 25-27 || total
-------------------------+-------+-------+-------+-------+-------+-------+-------+-------+-------++-------
Melee: Executioner's axe |     1 |       |       |     2 |     3 |     6 |    12 |    21 |    20 ||    65
  Use: Potion            |       |       |       |       |       |       |       |     1 |       ||     1
Armor: Skin              |       |       |       |       |       |       |       |       |     1 ||     1
Dodge: Dodged            |       |       |       |       |       |     2 |       |     2 |     3 ||     7
